 Dungeon Crawl Stone Soup version 0.20.1-1-g8b1a95d (webtiles) character file.

171 rezek the Bolt Thrower (level 5, -4/34 HPs)
             Began as a Halfling Hunter on July 14, 2017.
             Was an Initiate of Dithmenos.
             Killed by nerve-wracking pain
             ... invoked by an orc priest
              (11 damage)
             ... on level 3 of the Dungeon.
             The game lasted 00:07:49 (2779 turns).

rezek the Bolt Thrower (Halfling Hunter)            Turns: 2779, Time: 00:07:52

Health: -4/34      AC:  4    Str: 13    XL:     5   Next: 81%
Magic:  5/5        EV: 15    Int: 10    God:    Dithmenos [......]
Gold:   74         SH:  0    Dex: 15    Spells: 4/4 levels left

rFire    . . .     SeeInvis .   b - +2 dagger (venom)
rCold    . . .     Gourm    .   (shield restricted)
rNeg     . . .     Faith    .   c - +0 leather armour
rPois    .         Spirit   .   (no helmet)
rElec    .         Reflect  .   (no cloak)
rCorr    .         Harm     .   (no gloves)
MR       .....                  g - +0 pair of boots
Stlth    ++........             (no amulet)
Regen    0.2/turn               (no ring)
MPRegen  0.1/turn               (no ring)

@: lethally poisoned (-4 -> -24)
A: mutation resistance 1
a: Renounce Religion


You were on level 3 of the Dungeon.
You worshipped Dithmenos.
Dithmenos was noncommittal.
You were not hungry.

You visited 1 branch of the dungeon, and saw 5 of its levels.

You collected 74 gold pieces.

Inventory:

Hand Weapons
 a - a +1 hand crossbow
 b - a +2 dagger of venom (weapon)
Missiles
 d - 52 bolts
Armour
 c - a +0 leather armour (worn)
 g - a +0 pair of boots (worn)
Scrolls
 j - a scroll of amnesia {unknown}
 k - a scroll of identify {unknown}
 m - a scroll of magic mapping {unknown}
 p - a scroll of fog {unknown}
 q - a scroll of fear {unknown}
 u - a scroll of remove curse {unknown}
Potions
 e - a potion of agility {unknown}
 i - a potion of haste {unknown}
 l - a potion of mutation {unknown}
 n - a potion of cancellation {unknown}
 o - a potion of lignification {unknown}
 r - a potion of degeneration {unknown}
 t - a potion of ambrosia {unknown}
Comestibles
 f - 3 bread rations
 h - 2 royal jellies
 s - 3 chunks of flesh


   Skills:
 + Level 2.0 Fighting
 + Level 2.8 Short Blades
 * Level 5.4 Crossbows
 + Level 1.9 Armour
 + Level 2.7 Dodging
 * Level 2.4 Stealth


You had 4 spell levels left.
You didn't know any spells.

Dungeon Overview and Level Annotations

Branches:
Dungeon (5/15)
 Temple: D:4-7

Altars:
Dithmenos
Trog
Xom


Innate Abilities, Weirdness & Mutations

You are small and have problems with some larger weapons.
You are somewhat resistant to further mutation.


Message History

a dagger; a ring mail; a goblin skeleton You are too injured to fight recklessly!
You are too injured to fight recklessly!
You hit the orc priest but do no damage.
The orc priest is poisoned.
You feel sick.
The orc priest hits you with a short sword of venom.
* * * LOW HITPOINT WARNING * * *
You are more poisoned.
You closely miss the orc priest.
The orc priest is moderately wounded.
* * * LOW HITPOINT WARNING * * *
You feel sick. The orc priest completely misses you.
You hit the orc priest.
The orc priest looks as sick as possible!
The orc priest is heavily wounded.
* * * LOW HITPOINT WARNING * * *
You feel sick.
The orc priest calls down the wrath of Beogh upon you.
Pain shoots through your body!
You die...

.## #.#.######.## ..# ###
#.#.#..###.#
#)###....#######.#.#....#.#
.........+.........>#.#.#.#
##.##....##.####.###......#
##.# ..##. #.#.####.###
....... .... #.#.# #.#
###.### #.. #.#.####.# .
.....##..####@#......# .
............o........# ..
...#.##..###########.# #.
#!. #.# ### ##o .o #g #. #.


You could see an orc priest.

Vanquished Creatures
  A jelly (D:5)
  An orc priest (D:3)
  A hound skeleton (D:5)
  2 adders
  A shadow imp (D:5)
  An ooze (D:1)
  2 worms
  2 dart slugs
  2 leopard geckos
  2 orcs (D:3)
  6 giant cockroaches
  8 goblins
  7 hobgoblins
  2 jackals (D:1)
  A quokka (D:5)
  A ball python (D:2)
  4 bats
  6 frilled lizards
  4 kobolds
  A quokka skeleton (D:5)
  5 rats
60 creatures vanquished.

Notes
Turn   | Place    | Note
-------+----------+-------------------------------------------
     0 | D:1      | rezek the Halfling Hunter began the quest for the Orb.
     0 | D:1      | Reached XP level 1. HP: 14/14 MP: 1/1
   112 | D:1      | Reached XP level 2. HP: 19/19 MP: 2/2
   380 | D:1      | Reached XP level 3. HP: 20/24 MP: 3/3
   430 | D:1      | Reached skill level 1 in Short Blades
   542 | D:1      | Reached skill level 5 in Crossbows
  1353 | D:2      | Reached XP level 4. HP: 10/29 MP: 4/4
  1978 | D:2      | Found a shimmering altar of Xom.
  1980 | D:2      | Found a shimmering altar of Xom.
  1980 | D:2      | Found a shimmering altar of Xom.
  1981 | D:2      | Found a shimmering altar of Xom.
  1981 | D:2      | Found a shimmering altar of Xom.
  1984 | D:2      | You fall through a shaft for 2 floors!
  1989 | D:5      | Entered Level 5 of the Dungeon
  2151 | D:5      | Reached skill level 1 in Armour
  2151 | D:5      | Reached XP level 5. HP: 34/34 MP: 5/5
  2411 | D:3      | Found a bloodstained altar of Trog.
  2470 | D:2      | Found a shadowy altar of Dithmenos.
  2492 | D:2      | Became a worshipper of Dithmenos the Shadowed
  2779 | D:3      | Killed from afar by an orc priest

Skill      XL: |  1  2  3  4 |
---------------+-------------+-----
Short Blades   | 1 2 |  2.8
Crossbows      | 5 |  5.4
Fighting       | 2 |  2.0
Armour         | 1 |  1.9
Stealth        | 2 |  2.4
Dodging        | |  2.7

Action                   |  1- 3 |  4- 6 || total
-------------------------+-------+-------++-------
Melee: Short sword       |   145 |    34 ||   179
       Dagger            |       |    59 ||    59
 Fire: Hand crossbow     |       |     4 ||     4
 Stab: Sleeping          |     1 |     1 ||     2
  Eat: Chunk             |     2 |     4 ||     6
Armor: Leather armour    |    28 |    16 ||    44
Dodge: Dodged            |    94 |    49 ||   143
